 Dungeon Crawl Stone Soup version 0.30-a0-1018-g25214051b3 (webtiles) character file.

Game seed: 9283802814821793336

18 Pimp the Trooper (level 2, 0/24 HPs)
             Began as a Demonspawn Fighter on Apr 7, 2023.
             Slain by a worm (8 damage)
             ... on level 2 of the Dungeon.
             The game lasted 00:01:09 (979 turns).

Pimp the Trooper (Demonspawn Fighter)                Turns: 979, Time: 00:01:10

Health: 0/24       AC:  6    Str: 16    XL:     2   Next: 51%
Magic:  2/2        EV:  8    Int:  9    God:
Gold:   62         SH:  4    Dex: 12    Spells: 1/1 levels left

rFire   . . .      SeeInvis .    a - +0 war axe
rCold   . . .      Faith    .    c - +0 buckler
rNeg    . . .      Spirit   .    b - +0 scale mail
rPois   .          Reflect  .    (no helmet)
rElec   .          Rampage  .    (no cloak)
rCorr   .                        (no gloves)
Will    .....                    (no boots) Stlth
                                 (no amulet)
HPRegen 0.24/turn                (no ring)
MPRegen 0.08/turn                (no ring)

@: lethally poisoned (0 -> -3)
A: weakness stinger 1
a: no special abilities


You were on level 2 of the Dungeon.
You visited 1 branch of the dungeon, and saw 2 of its levels.

You collected 62 gold pieces.

Inventory:

Hand Weapons
 a - a +0 war axe (weapon)
Armour
 b - a +0 scale mail (worn)
 c - a +0 buckler (worn)
Scrolls
 f - a scroll of identify {unknown}
 g - a scroll of teleportation {unknown}
 i - a scroll of immolation {unknown}
Potions
 d - 2 potions of might
 e - a potion of cancellation {unknown}
 h - a potion of haste {unknown}


   Skills:
 + Level 3.2 Fighting
 + Level 2.1 Axes
 + Level 2.9 Armour
 + Level 2.9 Shields


You had one spell level left.
You didn't know any spells.
Your spell library was empty.

Dungeon Overview and Level Annotations

Branches:
Dungeon (2/15)

Altars:

Shops:
D:1 *


Innate Abilities, Weirdness & Mutations

You have a small tail.


Message History

You climb downwards.
Found a potion of might and 10 gold pieces.
There is a stone staircase leading up here.
You now have 62 gold pieces (gained 10).
d - 2 potions of might (gained 1)
Found a stone staircase leading up.
An adder comes into view.
An adder is nearby!
An adder is nearby!
A worm comes into view.
You miss the adder. You block the adder's attack. The adder closely misses you.
You hit the adder.
The adder is moderately wounded.
The adder bites you but does no damage. The adder closely misses you.
You barely miss the adder.
Your tail-slap misses the adder.
The adder is moderately wounded.
You hit the worm. The adder closely misses you. The worm bites you.
You hit the adder.
The adder is almost dead.
You hit the worm. The adder bites you but does no damage.
The adder barely misses you.
You closely miss the adder.
The adder is almost dead.
You hit the worm but do no damage. The adder bites you. The worm bites you.
The adder bites you but does no damage.
You miss the adder.
The adder is almost dead.
You hit the worm. The adder bites you but does no damage. The worm bites you!
The adder bites you.
You are poisoned.
The adder poisons you!
You closely miss the adder.
Your tail-slap misses the adder.
The adder is almost dead.
You hit the worm.
You feel sick. The adder bites you but does no damage.
The worm completely misses you. The adder completely misses you.
You miss the adder.
The adder is almost dead.
You hit the worm.
You feel sick. The adder bites you but does no damage. The worm bites you!
You die...

.......#.### #.#
... #.....# #.#
.....#.....####.#
.......<........#
.....#.....##...#
....##.....##...#
# .#.#
###.####...#.# #.
#.###......# #
#.#$..@w...#
#.....S....#
###.##....## #.
#..#<# #. #.##.#
. #.# .# . ..#
###


You could see a worm and an adder.

Vanquished Creatures
  5 ball pythons (D:1)
  3 bats (D:1)
  An endoplasm (D:1)
  2 giant cockroaches (D:1)
  A hobgoblin (D:1)
  2 kobolds (D:1)
  3 frilled lizards (D:1)
  A goblin (D:1)
  A rat (D:1)
19 creatures vanquished.

Notes
Turn   | Place    | Note
-------+----------+-------------------------------------------
     0 | D:1      | Pimp the Demonspawn Fighter began the quest for the Orb.
     0 | D:1      | Reached XP level 1. HP: 18/18 MP: 1/1
   282 | D:1      | Gained mutation: You have a small tail. [demonic ancestry]
   282 | D:1      | Reached XP level 2. HP: 23/24 MP: 2/2
   621 | D:1      | Found Qimal's General Store.
   979 | D:2      | Slain by a worm

Illustrated notes

Levels and vault maps discovered:
D:1:      lemuel_arrival_broad_hall, layout_basic, serial_shops, shop
D:2:      layout_loops_ring, minivault_27

Skill      XL: |  1 |
---------------+----+-----
Axes           | 2 |  2.1
Fighting       | |  3.2
Armour         | |  2.9
Shields        | |  2.9

Action                     || total
---------------------------++-------
  Melee: War axe           ||    75
         Tailslap          ||     3
 Armour: Scale mail        ||    49
  Dodge: Dodged            ||    36
  Block: Buckler           ||    22

Table legend: (Time is in decaauts)
 A = Elapsed time spent in this place.
 B = Non-inter-level travel time spent in this place.
 C = Inter-level travel time spent in this place.
 D = Time resting spent in this place.
 E = Time spent auto-exploring this place.
 F = Levels seen in this place.
 G = Mean time per level.
                   A        B        C        D        E       F      G
               +--------+--------+--------+--------+--------+-----+--------+
         Total |   1011 |    997 |     14 |      0 |    798 |   2 |  505.5 |
       Dungeon |   1011 |    997 |     14 |      0 |    798 |   2 |  505.5 |
               +--------+--------+--------+--------+--------+-----+--------+

Top non-repeatable levels by time:
     D:1: 982 daAuts
     D:2: 29 daAuts
